 Dungeon Crawl Stone Soup version 0.29-a0-1023-g6ae1a4a2c7 (webtiles) character file.

Game seed: 7902190834794010229

19977 nickcage the Destroyer (level 12, 0/85 HPs)
             Began as a Red Draconian Conjurer on Aug 11, 2022.
             Was a High Priest of Vehumet.
             Slain by a komodo dragon (13 damage)
             ... on level 1 of the Lair of Beasts.
             The game lasted 01:27:50 (16774 turns).

nickcage the Destroyer (Red Draconian Conjurer)    Turns: 16774, Time: 01:27:50

Health: 0/85       AC: 10    Str: 16    XL:     12   Next: 41%
Magic:  1/26       EV: 12    Int: 28    God:    Vehumet [*****.]
Gold:   1222       SH:  0    Dex:  9    Spells: 7/31 levels left

rFire   + . .      SeeInvis .   q - +9 dagger of Echis {vorpal, *Rage rElec Will+++ Int+4}
rCold   . . .      Faith    .   (no shield)
rNeg    . . .      Spirit   .   (body armour unavailable)
rPois   .          Reflect  .   (helmet restricted)
rElec   +          Harm     .   f - +0 cloak
rCorr   +          Rampage  .   (no gloves)
Will    +++..      Rage     20% P - +0 pair of boots
Stlth   ++........              H - amulet of regeneration
HPRegen 1.04/turn               h - ring of resist corrosion
MPRegen 0.20/turn               t - +6 ring of strength

@: no status effects
A: breathe fire, AC +8, unfitting armour, fire resistance 1, cold-blooded
a: Breathe Fire, Renounce Religion


You were on level 1 of the Lair of Beasts.
You worshipped Vehumet.
Vehumet was extremely pleased with you.
You visited 2 branches of the dungeon, and saw 12 of its levels.
You also visited: Bailey.

You collected 1222 gold pieces.

Inventory:

Hand Weapons
 i - a +3 short sword
 m - a +5 long sword of protection
 q - the +9 dagger of Echis (weapon) {vorpal, *Rage rElec Will+++ Int+4}
   (You found it on level 3 of the Dungeon)

   It inflicts extra damage upon your enemies.
   Int:       It affects your intelligence (+4).
   rElec:     It insulates you from electricity.
   *Rage:     It berserks you when you make melee attacks (+20% chance).
   Will:      It greatly increases your willpower.
 D - a +3 spear
Armour
 f - a +0 cloak (worn)
 P - a +0 pair of boots (worn)
Magical Staves
 o - a staff of fire
 s - a staff of fire
Jewellery
 e - a ring of positive energy
 h - a ring of resist corrosion (left hand)
 t - a +6 ring of strength (right hand)
 E - a +4 ring of evasion
 H - an amulet of regeneration (around neck)
 M - an amulet of guardian spirit
 Q - a +4 ring of protection
Wands
 u - a wand of flame (48)
 w - a wand of charming (13)
 F - a wand of polymorph (7)
 K - a wand of iceblast (4)
Scrolls
 b - 2 scrolls of summoning
 j - a scroll of immolation
 n - 2 scrolls of noise
 v - 6 scrolls of butterflies
 y - 7 scrolls of identify
 z - 3 scrolls of poison
 I - a scroll of blinking {unknown}
 J - 2 scrolls of amnesia {unknown}
 L - a scroll of teleportation
 O - a scroll of silence {unknown}
Potions
 a - 2 potions of magic
 c - a potion of invisibility {unknown}
 d - 7 potions of degeneration
 g - 4 potions of heal wounds
 k - 4 potions of cancellation
 l - 5 potions of curing
 p - 3 potions of flight {unknown}
 r - 2 potions of ambrosia {unknown}
 x - a potion of mutation {unknown}
 A - a potion of attraction {unknown}
 B - 4 potions of might {unknown}
 C - a potion of resistance {unknown}
 G - a potion of lignification {unknown}
Miscellaneous
 N - a phial of floods


   Skills:
 - Level 2.0 Fighting
 - Level 1.7 Dodging
 - Level 1.7 Stealth
 - Level 10.0 Spellcasting
 * Level 14.3 Conjurations
 - Level 3.0 Hexes
 - Level 3.0 Translocations
 * Level 12.0 Fire Magic
 - Level 0.1 Poison Magic


You had 7 spell levels left.
You knew the following spells:

 Your Spells              Type           Power      Damage    Failure   Level
a - Magic Dart            Conj           100%       1d8       0%          1
b - Searing Ray           Conj           100%       2d8       0%          2
c - Fulminant Prism       Conj/Hex       29%        3d14      1%          4
d - Sticky Flame          Conj/Fire      73%        2d9       1%          4
e - Iskenderun's Mystic   Conj/Tloc      58%        2d12      1%          4
f - Conjure Flame         Conj/Fire      73%        6-21      1%          3
g - Scorch                Fire           100%       2d10      1%          2
h - Flame Wave            Conj/Fire      73%        2d16      1%          4

Your spell library contained the following spells:

 Spells                   Type           Power      Damage    Failure   Level
 Lee's Rapid Deconstruct  Erth           7%         3d7*      28%         5
 Foxfire                  Conj/Fire      100%       2x1d9     0%          1
 Blink                    Tloc           60%        N/A       1%          2
 Static Discharge         Conj/Air       53%        3-10/arc  1%          2
 Dazzling Flash           Conj/Hex       100%       N/A       1%          3
 Inner Flame              Hex/Fire       54%        N/A       1%          3
 Ensorcelled Hibernation  Hex/Ice        44%        N/A       3%          2
 Lesser Beckoning         Tloc           30%        N/A       3%          3
 Portal Projectile        Hex/Tloc       60%        N/A       3%          3
 Passwall                 Tmut/Erth      11%        N/A       6%          2
 Call Canine Familiar     Summ           14%        N/A       12%         3
 Swiftness                Air            14%        N/A       12%         3
 Leda's Liquefaction      Hex/Erth       11%        N/A       22%         4
 Manifold Assault         Tloc           30%        N/A       32%         5
 Corpse Rot               Necr/Pois/Air  14%        N/A       36%         4
 Dispel Undead            Necr           14%        3d10      36%         4
 Death Channel            Necr           7%         N/A       99%         6


Dungeon Overview and Level Annotations

Branches:
Dungeon (11/15)            Temple (0/1) D:6            Lair (1/5) D:11
    Orc (0/2) D:11         Bailey (visited)

Altars:
Ashenzari
Cheibriados
Elyvilon
Fedhas
Hepliaklqana
Makhleb
Qazlal
Sif Muna
Trog
Uskayaw
Vehumet
Wu Jian
Yredelemnul
Zin
The Shining One

Shops:
D:4 !   D:9 *

Annotations:
D:10 8 transporters, ragingrage's ghost, novice VSCK


Innate Abilities, Weirdness & Mutations

You can breathe blasts of fire.
Your fiery red scales are hard. (AC +8)
You cannot fit into any form of body armour.
Your flesh is heat resistant. (rF+)
You are cold-blooded and may be slowed by cold attacks.


Message History

Vehumet accepts your kill.
You feel your power returning.
You feel very sick.
A komodo dragon comes into view.
Your Fire Magic skill increases to level 12!
You feel better.
You are too injured to fight recklessly!
Casting: Scorch (safe; 1% risk of failure)
Press: ? - help, Q - select action, (/) - cycle Dir - look around, f - activate Flames lash the komodo dragon.
The komodo dragon is lightly wounded.
The komodo dragon's fire resistance burns away.
Casting: Scorch (safe; 1% risk of failure)
Press: ? - help, Q - select action, (/) - cycle Dir - look around, f - activate Flames lash the komodo dragon.
The komodo dragon is burned terribly!
The komodo dragon is heavily wounded.
Casting: Scorch (safe; 1% risk of failure)
Press: ? - help, Q - select action, (/) - cycle Dir - look around, f - activate Flames lash the komodo dragon.
The komodo dragon is burned terribly!
The komodo dragon is severely wounded.
You don't have enough magic to cast this spell.
You don't have enough magic to cast this spell.
You hit the komodo dragon but do no damage.
The komodo dragon is severely wounded.
The komodo dragon bites you!
* * * LOW HITPOINT WARNING * * *
You hit the komodo dragon but do no damage.
The komodo dragon is severely wounded.
The komodo dragon misses you.
Casting: Scorch (safe; 1% risk of failure)
Press: ? - help, Q - select action, (/) - cycle Dir - look around, f - activate Flames lash the komodo dragon.
The komodo dragon is burned terribly!
The komodo dragon is almost dead.
The komodo dragon barely misses you.
The komodo dragon attacks as you move away!
The komodo dragon bites you!
* * * LOW HITPOINT WARNING * * *
The komodo dragon attacks as you move away!
The komodo dragon bites you!
You die...

....###.#..... ..###
###......# ..#
..#......####### ..#
........#.....# ..#
#.....##.....# ..#
#.....##.....# # ..##
##............# !.. ..#.#
##P............##...#
..##.##.........@l........+
...........#.##.....).#..>
........)...##......##.....
.........#...~..#..## ....
.........#.~≈~~.#.... ...
........#..~≈≈~.#.....
........##.~≈≈~~##....
.###.##....~~~~..#..###
..##+.#..#......#..##


You could see a komodo dragon (combustible).

Vanquished Creatures
  Josephine (D:10)
  4 two-headed ogres
  Sonja (D:10)
  Nergalle (Lair:1)
  An ugly thing (D:11)
  A manticore (D:11)
  A black mamba (Lair:1)
  A gargoyle (D:11)
  3 komodo dragons
  An unseen horror (D:7)
  2 cane toads (Lair:1)
  2 trolls (D:9)
  7 hornets (Lair:1)
  A shadow (D:10)
  A vampire (D:11)
  Sigmund (D:3)
  6 wraiths
  29 yaks
  3 steam dragons
  An acid dragon (D:7)
  3 water moccasins (Lair:1)
  9 orc warriors
  3 sky beasts
  3 black bears
  2 ice beasts
  2 ogres
  4 centaurs
  A phantom (D:5)
  8 bullfrogs
  5 kobold brigands
  2 necrophages
  3 scorpions
  5 killer bees (D:10)
  A howler monkey (D:5)
  3 hounds (D:6)
  7 orc priests
  A jelly (D:6)
  2 gnoll boudas
  4 iguanas
  16 orc wizards
  Robin (D:2)
  4 gnolls (D:8)
  5 adders
  2 white imps
  An ufetubus (D:6)
  2 worms
  4 dart slugs
  86 orcs
  5 ball pythons
  7 bats
  5 endoplasms
  12 giant cockroaches
  15 hobgoblins
  6 quokkas
  2 frilled lizards (D:2)
  15 goblins
  36 kobolds
  4 rats
364 creatures vanquished.

Vanquished Creatures (others)
  39 fulminant prisms
  2 fungi (Lair:1)
  24 plants
65 creatures vanquished.

Grand Total: 429 creatures vanquished

Notes
Turn   | Place    | Note
-------+----------+-------------------------------------------
     0 | D:1      | nickcage the Draconian Conjurer began the quest for the
                  | Orb.
     0 | D:1      | Reached XP level 1. HP: 14/14 MP: 3/3
   182 | D:1      | Reached XP level 2. HP: 20/20 MP: 3/5
   185 | D:1      | Learned a level 2 spell: Searing Ray
  1029 | D:1      | Reached XP level 3. HP: 26/26 MP: 2/6
  1220 | D:1      | You fall into a shaft and drop 1 floor!
  1361 | D:2      | Reached skill level 5 in Conjurations
  1904 | D:2      | Noticed Robin
  1909 | D:2      | Found a faded altar of an unknown god.
  1976 | D:2      | Reached XP level 4. HP: 7/33 MP: 0/7
  2256 | D:2      | Killed Robin
  2918 | D:3      | Found a bloodstained altar of Trog.
  2930 | D:3      | Identified the +9 dagger of Echis {vorpal, *Rage rElec
                  | Will+++ Int+4}
  2930 | D:3      | Noticed a black bear
  2945 | D:3      | Killed a black bear
  2946 | D:3      | Reached skill level 6 in Conjurations
  2946 | D:3      | Reached XP level 5. HP: 30/38 MP: 3/9
  3061 | D:3      | Noticed Sigmund
  3074 | D:3      | Killed Sigmund
  3075 | D:3      | Reached skill level 7 in Conjurations
  3075 | D:3      | Reached XP level 6. HP: 17/45 MP: 1/10
  3446 | D:3      | Identified a scroll of acquirement
  3446 | D:3      | Acquired a book of Touch
  3683 | D:3      | Learned a level 4 spell: Fulminant Prism
  3688 | D:3      | Learned a level 4 spell: Sticky Flame
  4418 | D:4      | Found Opreg's Distillery.
  4848 | D:4      | Found a hazy altar of Hepliaklqana.
  5179 | D:5      | Entered Level 5 of the Dungeon
  5268 | D:5      | Reached skill level 8 in Conjurations
  5268 | D:5      | Your scales start taking on a fiery red colour.
  5268 | D:5      | Reached XP level 7. HP: 45/50 MP: 3/11
  5268 | D:5      | Gained mutation: Your flesh is heat resistant. (rF+) [Red
                  | Draconian growth]
  5494 | D:5      | Found a glowing silver altar of Zin.
  5494 | D:5      | Found a white marble altar of Elyvilon.
  5494 | D:5      | Found a glowing golden altar of the Shining One.
  5648 | D:5      | Reached skill level 1 in Fire Magic
  5797 | D:5      | Reached skill level 1 in Hexes
  6318 | D:6      | Reached XP level 8. HP: 57/57 MP: 10/13
  6350 | D:6      | Reached skill level 9 in Conjurations
  6556 | D:6      | Found a radiant altar of Vehumet.
  6806 | D:6      | Became a worshipper of Vehumet
  7135 | D:6      | Reached skill level 5 in Spellcasting
  7453 | D:6      | Learned a level 4 spell: Iskenderun's Mystic Blast
  7694 | D:6      | Reached skill level 10 in Conjurations
  7694 | D:6      | Reached XP level 9. HP: 62/62 MP: 7/17
  7755 | D:6      | Found a staircase to the Ecumenical Temple.
  7800 | D:6      | Learned a level 3 spell: Conjure Flame
  8128 | D:7      | Reached skill level 1 in Translocations
  8625 | D:7      | Killed an unseen horror
  8626 | D:7      | Reached skill level 5 in Fire Magic
  9146 | D:7      | Reached * piety under Vehumet
  9146 | D:7      | Offered knowledge of Shock by Vehumet.
 10355 | D:8      | Reached XP level 10. HP: 73/73 MP: 1/20
 10905 | D:8      | Noticed a two-headed ogre
 10925 | D:8      | Killed a two-headed ogre
 11158 | D:8      | Reached ** piety under Vehumet
 11312 | D:8      | Offered knowledge of Scorch by Vehumet.
 11318 | D:8      | Learned a level 2 spell: Scorch
 11875 | D:9      | Found Nivucemn's Overcharged Wands.
 12059 | D:9      | Found a flagged portal.
 12072 | Bailey   | Entered a bailey
 12373 | Bailey   | Noticed an orc knight
 12442 | D:9      | Noticed a two-headed ogre
 12453 | D:9      | Killed a two-headed ogre
 12454 | D:9      | Reached skill level 11 in Conjurations
 12581 | D:9      | Offered knowledge of Stone Arrow by Vehumet.
 12761 | D:9      | Reached XP level 11. HP: 79/79 MP: 11/24
 12997 | D:9      | Reached skill level 12 in Conjurations
 13181 | D:9      | Found an ornate altar of the Wu Jian Council.
 13188 | D:9      | Found a broken altar of Ashenzari.
 13189 | D:9      | Found a basalt altar of Yredelemnul.
 13190 | D:9      | Found a hide-covered altar of Uskayaw.
 13190 | D:9      | Found a burning altar of Makhleb.
 13190 | D:9      | Found a blossoming altar of Fedhas.
 13192 | D:9      | Found a snail-covered altar of Cheibriados.
 13193 | D:9      | Found a stormy altar of Qazlal.
 13240 | D:9      | Reached *** piety under Vehumet
 13274 | D:9      | Offered knowledge of Hailstorm by Vehumet.
 13819 | D:9      | Reached **** piety under Vehumet
 13900 | D:10     | Entered Level 10 of the Dungeon
 13900 | D:10     | Noticed a two-headed ogre
 13904 | D:10     | Noticed a fire dragon
 14002 | D:10     | Found a transporter.
 14003 | D:10     | Found a transporter.
 14110 | D:10     | Noticed a two-headed ogre
 14133 | D:10     | Killed a two-headed ogre
 14205 | D:10     | Found a transporter.
 14205 | D:10     | Noticed a seven-headed hydra
 14211 | D:10     | Noticed a centaur warrior
 14211 | D:10     | Noticed ragingrage's ghost (novice VSCK)
 14214 | D:10     | Noticed Josephine
 14220 | D:10     | Killed Josephine
 14274 | D:10     | Found a transporter.
 14279 | D:10     | Offered knowledge of Ignite Poison by Vehumet.
 14289 | D:10     | Found a transporter.
 14320 | D:10     | Noticed Sonja
 14325 | D:10     | Killed Sonja
 14362 | D:10     | Found a transporter.
 14367 | D:10     | Found a transporter.
 14546 | D:10     | Reached skill level 13 in Conjurations
 14730 | D:10     | Learned a level 4 spell: Flame Wave
 14740 | D:10     | Reached skill level 10 in Spellcasting
 14846 | D:10     | Found a transporter.
 14899 | D:10     | Found a shimmering blue altar of Sif Muna.
 15126 | D:11     | Noticed a cyan ugly thing
 15133 | D:11     | Killed a cyan ugly thing
 15368 | D:11     | Found a staircase to the Orcish Mines.
 15417 | D:11     | Found a staircase to the Lair.
 15946 | D:11     | Noticed a two-headed ogre
 15953 | D:11     | Killed a two-headed ogre
 16119 | Lair:1   | Entered Level 1 of the Lair of Beasts
 16191 | Lair:1   | Reached skill level 14 in Conjurations
 16229 | Lair:1   | Reached XP level 12. HP: 60/85 MP: 15/26
 16361 | Lair:1   | Reached skill level 10 in Fire Magic
 16362 | Lair:1   | Reached ***** piety under Vehumet
 16389 | Lair:1   | Offered knowledge of Lee's Rapid Deconstruction by Vehumet.
 16743 | Lair:1   | Noticed Nergalle
 16763 | Lair:1   | Killed Nergalle
 16774 | Lair:1   | Slain by a komodo dragon

Illustrated notes

Levels and vault maps discovered:
D:1:      spicycebolla_arrival_xxxplode, layout_basic, minmay_cut_off
D:2:      layout_loops_cross, ebering_ecumenical_altar_rust,
          minmay_worlds_worst_comb, uniq_robin
D:3:      layout_basic, bloody_trog, uniq_sigmund
D:4:      layout_layer_cave, mainiacjoe_overflow_alcove_2, serial_shops,
          nicolae_shop_stone
D:5:      layout_loops_ring, dreamdust_divine_triumvirate
D:6:      layout_basic, vehumet_altar_wand_db, minmay_temple_entry_trees,
          glass_columns_a
D:7:      layout_layer_cave, minmay_starry_boxes
D:8:      layout_layer_cave
D:9:      layout_roguey [special_room_orc], minitemple, special_room
          [special_room_orc], enter_bailey_4, nicolae_two_hexagons,
          nicolae_shop_overcharged_wands
D:10:     minmay_goldmine, layout_long_grid, nicolae_sif_muna_little_library,
          nzn_ghost_randoct, serial_nicolae_subway, nicolae_sub_station_stone,
          nicolae_sub_station_metal, nicolae_sub_station_crystal,
          uniq_josephine, uniq_sonja
D:11:     layout_irregular_city, david_lair_shrubbed, orc_0_dummy
Lair:1:   layout_regular_city, nicolae_lair_lil_pond, dreamdust_wasp_nest,
          uniq_nergalle

Skill      XL: |  1  2  3  4  5  6  7  8  9 10 11 12 |
---------------+-------------------------------------+-----
Conjurations   | 5 6 7 8 10 11 14 | 14.3
Spellcasting   | 3 5 7 9 10 | 10.0
Fire Magic     | 2 3 6 7 9 12 | 12.0
Hexes          | 1 3 |  3.0
Translocations | 3 |  3.0
Fighting       | 2 |  2.0
Dodging        | |  1.7
Stealth        | |  1.7
Poison Magic   | |  0.1

Action                   |  1- 3 |  4- 6 |  7- 9 | 10-12 || total
-------------------------+-------+-------+-------+-------++-------
Melee: Unarmed           |    12 |       |       |       ||    12
       Tailslap          |     6 |     2 |     1 |     2 ||    11
       Long sword        |     5 |     7 |       |       ||    12
       Short sword       |     4 |       |       |       ||     4
       Dagger            |       |     8 |    20 |    33 ||    61
       Punch             |       |       |       |     1 ||     1
 Cast: Magic Dart        |    87 |    91 |   100 |   140 ||   418
       Searing Ray       |     3 |     8 |    42 |    57 ||   110
       Fulminant Prism   |       |       |    11 |    28 ||    39
       Conjure Flame     |       |       |     1 |     4 ||     5
       Iskenderun's Myst |       |       |     1 |     4 ||     5
       Sticky Flame      |       |       |       |     7 ||     7
       Scorch            |       |       |       |    55 ||    55
       Flame Wave        |       |       |       |     8 ||     8
 Abil: Breathe Fire      |       |       |     4 |     5 ||     9
  Use: Scroll            |     4 |     7 |     2 |     1 ||    14
       Potion            |       |       |     1 |     1 ||     2
Armor: Skin              |    21 |     9 |    26 |    37 ||    93
Dodge: Dodged            |    32 |    15 |    39 |    75 ||   161

Table legend: (Time is in decaauts)
 A = Elapsed time spent in this place.
 B = Non-inter-level travel time spent in this place.
 C = Inter-level travel time spent in this place.
 D = Time resting spent in this place.
 E = Time spent auto-exploring this place.
 F = Levels seen in this place.
 G = Mean time per level.
                   A        B        C        D        E       F      G
               +--------+--------+--------+--------+--------+-----+--------+
         Total |  16887 |  16541 |    346 |   2948 |  11233 |  13 | 1299.0 |
       Dungeon |  15875 |  15530 |    345 |   2717 |  10794 |  11 | 1443.2 |
          Lair |    658 |    658 |      0 |     95 |    435 |   1 |  658.0 |
        Bailey |    354 |    354 |      0 |    136 |      4 |   1 |  354.0 |
               +--------+--------+--------+--------+--------+-----+--------+

Top non-repeatable levels by time:
     D:7: 1951 daAuts
     D:8: 1844 daAuts
     D:6: 1809 daAuts
     D:9: 1741 daAuts
     D:2: 1550 daAuts
     D:1: 1371 daAuts
     D:4: 1363 daAuts
    D:10: 1207 daAuts
     D:5: 1136 daAuts
    D:11: 992 daAuts
     D:3: 907 daAuts
  Lair:1: 658 daAuts
  Bailey: 354 daAuts
